 Dungeon Crawl Stone Soup version 0.32-a0-859-gb0a091d592 (webtiles) character file.

Game seed: 589305440731711256

71 SpaceCowgir3 the Shooter (level 4, -4/38 HPs)
             Began as a Minotaur Hunter on Mar 27, 2024.
             Was a Follower of Nemelex Xobeh.
             Killed by nerve-wracking pain
             ... invoked by an orc priest
              (13 damage)
             ... on level 3 of the Dungeon.
             The game lasted 00:02:25 (1455 turns).

SpaceCowgir3 the Shooter (Minotaur Hunter)          Turns: 1455, Time: 00:02:26

Health: -4/38      AC:  7    Str: 16    XL:     4   Next: 5%
Magic:  3/3        EV: 16    Int:  6    God:    Nemelex Xobeh [*.....]
Gold:   105        SH:  5    Dex: 15    Spells: 3/3 levels left

rFire   . . .        a - +0 shortbow
rCold   . . .        (shield currently unavailable)
rNeg    . . .        c - +0 leather armour
rPois   .            (helmet restricted)
rElec   .            (no cloak)
rCorr   .            (no gloves)
SInv    .            (no boots)
Will    .....        k - amulet of reflection
Stlth   +            h - +5 ring of evasion
HPRegen 0.26/turn    p - +4 ring of protection
MPRegen 0.08/turn

%: reflection
@: no status effects
A: horns 2, retaliatory headbutt
a: Renounce Religion, Draw Escape, Draw Destruction, Draw Summoning


You were on level 3 of the Dungeon.
You worshipped Nemelex Xobeh.
Nemelex Xobeh was aware of your devotion.
You visited 1 branch of the dungeon, and saw 3 of its levels.

You collected 105 gold pieces.

Inventory:

Hand Weapons
 a - a +0 shortbow (weapon)
Missiles
 i - 2 silver javelins (quivered)
Armour
 c - a +0 leather armour (worn)
Jewellery
 h - a +5 ring of evasion (left hand)
 k - an amulet of reflection (around neck)
 p - a +4 ring of protection (right hand)
Scrolls
 b - a scroll of butterflies
 d - 5 scrolls of identify {unknown}
 j - a scroll of enchant weapon {unknown}
 m - a scroll of poison {unknown}
 o - a scroll of immolation {unknown}
Potions
 e - a potion of enlightenment {unknown}
 f - a potion of degeneration {unknown}
 g - 2 potions of curing {unknown}
 l - a potion of might {unknown}
 n - a potion of lignification {unknown}


   Skills:
 + Level 3.3 Fighting
 + Level 5.4 Ranged Weapons
 + Level 0.5 Armour
 + Level 2.4 Dodging
 + Level 0.8 Stealth
 * Level 0.4 Spellcasting


You had 3 spell levels left.
You didn't know any spells.
Your spell library was empty.

Dungeon Overview and Level Annotations

Branches:
Dungeon (3/15)

Altars:
Nemelex Xobeh
Zin


Innate Abilities, Weirdness & Mutations

You have a pair of horns on your head.
You reflexively headbutt those who attack you in melee.


Message History

The arrow closely misses the orc priest.
The orc hits you with a +0 war axe.
You shoot an arrow.
The arrow hits the orc but does no damage.
The orc is moderately wounded.
The orc priest miscasts a cantrip.
The orc closely misses you. The orc barely misses you. You furiously retaliate!
You headbutt the orc.
You kill the orc!
You have reached level 4!
You feel stronger.
You shoot an arrow. The arrow barely misses the orc.
The arrow hits the ribbon worm but does no damage.
The ribbon worm is heavily wounded.
The orc hits you with a +0 hand axe.
You shoot an arrow. The arrow hits the orc.
You kill the orc!
The orc priest shoots a bolt.
The bolt barely misses you. The ribbon worm barely misses you.
The orc priest invokes the aid of Beogh against you.
Pain shoots through your body!
Items here: )) ††.
You shoot an arrow. The arrow hits the ribbon worm.
The ribbon worm is moderately wounded.
The orc priest unwields a +0 arbalest.
The orc priest wields a +0 club.
The orc priest misses you. You furiously retaliate!
You headbutt the orc priest!
The ribbon worm expels a string of sticky webbing.
The stream of webbing hits you but does no damage.
You are caught in a web!
The web tears apart.
The ribbon worm bites you.
The orc priest calls down the wrath of Beogh upon you.
Beogh smites you!
* * * LOW HITPOINT WARNING * * *
You shoot an arrow. The arrow hits the ribbon worm!
The ribbon worm is severely wounded.
The orc priest invokes the aid of Beogh against you.
Pain shoots through your body!
You die...
Your body glows slightly and disappears.

#....... ## #....># ..
#....# #. .## ###.
#######....#... ... ...
.............#. ....
#.#########............)
#.<.........#######.....
###........(###o......=.
#..........†@w.†......
...........####..)......
....>.....†.# #...?#....
.............#
####......
....#........# #.....
.............# .....
....... .... ....... ...
...


You could see a ribbon worm (catching breath) and an orc priest.

Vanquished Creatures
  An adder (D:2)
  A ribbon worm (D:2)
  4 dart slugs
  2 orcs (D:3)
  3 bats
  6 endoplasms
  4 giant cockroaches
  4 hobgoblins
  2 quokkas
  A frilled lizard (D:3)
  7 goblins
  4 kobolds
  6 rats
45 creatures vanquished.

Notes
Turn   | Place    | Note
-------+----------+-------------------------------------------
     0 | D:1      | SpaceCowgir3 the Minotaur Hunter began the quest for the
                  | Orb.
     0 | D:1      | Reached XP level 1. HP: 18/18 MP: 0/0
    84 | D:1      | Found a faded altar of an unknown god.
   207 | D:1      | Reached XP level 2. HP: 25/25 MP: 1/1
   731 | D:1      | Prayed at the altar of an unknown god.
   731 | D:1      | Became a worshipper of Nemelex Xobeh the Trickster
   731 | D:1      | Reached * piety under Nemelex Xobeh
   813 | D:2      | Reached skill level 5 in Ranged Weapons
   839 | D:2      | Received a gift from Nemelex Xobeh
   857 | D:2      | Reached XP level 3. HP: 30/30 MP: 2/2
  1033 | D:2      | Found a glowing silver altar of Zin.
  1450 | D:3      | Reached XP level 4. HP: 33/38 MP: 3/3
  1455 | D:3      | Killed from afar by an orc priest

Illustrated notes

Levels and vault maps discovered:
D:1:      minmay_arrival_wavy_path, layout_basic, shapermc_ecumenical_altar_gd
D:2:      layout_basic, basic_altar
D:3:      layout_rooms, mainiacjoe_overflow_tiny_flanked, serial_shops, shop

Skill      XL: |  1  2  3 |
---------------+----------+-----
Ranged Weapons | 5 |  5.4
Fighting       | 3 |  3.3
Armour         | |  0.5
Dodging        | |  2.4
Stealth        | |  0.8
Spellcasting   | |  0.4

Action                     |  1- 3 |  4- 6 || total
---------------------------+-------+-------++-------
   Fire: Shortbow          |   154 |     4 ||   158
 Armour: Leather armour    |    26 |     2 ||    28
  Dodge: Dodged            |    65 |     3 ||    68
  Block: Other             |     3 |       ||     3

Table legend: (Time is in decaauts)
 A = Elapsed time spent in this place.
 B = Non-inter-level travel time spent in this place.
 C = Inter-level travel time spent in this place.
 D = Time resting spent in this place.
 E = Time spent auto-exploring this place.
 F = Levels seen in this place.
 G = Mean time per level.
                   A        B        C        D        E       F      G
               +--------+--------+--------+--------+--------+-----+--------+
         Total |   1482 |   1468 |     14 |      0 |   1098 |   3 |  494.0 |
       Dungeon |   1482 |   1468 |     14 |      0 |   1098 |   3 |  494.0 |
               +--------+--------+--------+--------+--------+-----+--------+

Top non-repeatable levels by time:
     D:1: 760 daAuts
     D:2: 662 daAuts
     D:3: 59 daAuts
